 Dungeon Crawl Stone Soup version 0.29-a0-838-g385bb11a5b (webtiles) character file.

Game seed: 9735105170557835882

2774 kevlar127 the Ruffian (level 9, -2/138 HPs)
             Began as a Troll Berserker on July 13, 2022.
             Was an Elder of Trog.
             Succumbed to a kobold's poison
             ... on level 8 of the Dungeon.
             The game lasted 00:14:55 (6785 turns).

kevlar127 the Ruffian (Troll Berserker)             Turns: 6785, Time: 00:14:56

Health: -2/138     AC:  9    Str: 31    XL:     9   Next: 42%
Magic:  8/8        EV: 10    Int:  3    God:    Trog [****..]
Gold:   47         SH:  5    Dex:  9    Spells: 8/8 levels left

rFire   . . .      SeeInvis +     - Unarmed
rCold   . . .      Faith    .   (no shield)
rNeg    . . .      Spirit   .   I - +0 steam dragon scales
rPois   .          Reflect  +   (helmet restricted)
rElec   .          Harm     .   s - +1 cloak
rCorr   .          Rampage  .   (gloves unavailable)
Will    +....                   (boots unavailable)
Stlth   ..........              f - amulet of reflection
HPRegen 1.13/turn               t - ring of see invisible
MPRegen 0.11/turn               F - ring of willpower

@: berserking, lethally poisoned (-2 -> -23), very quick
A: large, unfitting armour, claws 3, regeneration 1, shaggy fur 1, tough skin 1
a: Renounce Religion, Berserk, Trog's Hand, Brothers in Arms


You were on level 8 of the Dungeon.
You worshipped Trog.
Trog was greatly pleased with you.
You visited 1 branch of the dungeon, and saw 8 of its levels.

You collected 257 gold pieces.
You spent 210 gold pieces at shops.

Inventory:

Missiles
 b - 49 stones
 p - 7 boomerangs (quivered)
 x - 8 poisoned darts
Armour
 s - a +1 cloak (worn)
 I - +0 steam dragon scales (worn)
Jewellery
 f - an amulet of reflection (around neck)
 r - an amulet of faith
 t - a ring of see invisible (left claw)
 F - a ring of willpower (right claw)
Wands
 v - a wand of digging (5)
 B - a wand of roots (23)
 C - a wand of polymorph (27)
 H - a wand of light (4)
Scrolls
 e - 4 scrolls of amnesia {unknown}
 g - 3 scrolls of fear
 h - 7 scrolls of identify
 i - a scroll of enchant armour {unknown}
 j - 3 scrolls of poison
 l - 2 scrolls of immolation
 m - 4 scrolls of blinking {unknown}
 q - 4 scrolls of teleportation {unknown}
 u - 2 scrolls of noise
 w - a scroll of vulnerability {unknown}
 y - 2 scrolls of enchant weapon {unknown}
 z - 2 scrolls of magic mapping {unknown}
 E - 2 scrolls of fog
Potions
 c - 2 potions of attraction {unknown}
 d - 8 potions of curing
 k - a potion of resistance
 n - a potion of mutation {unknown}
 o - 2 potions of brilliance {unknown}
 A - 3 potions of haste {unknown}
 D - a potion of degeneration {unknown}
 G - a potion of heal wounds {unknown}


   Skills:
 + Level 6.6 Fighting
 + Level 5.8 Throwing
 - Level 3.0 Armour
 - Level 3.0 Dodging
 + Level 7.9 Unarmed Combat


You had 8 spell levels left.
You didn't know any spells.
Your spell library was empty.

Dungeon Overview and Level Annotations

Branches:
Dungeon (8/15)             Temple (0/1) D:6
   Lair: D:8-11

Altars:
Dithmenos
Gozag
Makhleb
Okawaru
Trog
Wu Jian
Xom
The Shining One

Shops:
D:4 ?


Innate Abilities, Weirdness & Mutations

You are too large for most types of armour.
You have claws for hands.
Your natural rate of healing is unusually fast.
You are covered in fur. (AC +1)
You have tough skin. (AC +1)


Message History

You feel very sick. You block the bullfrog's attack.
The kobold hits you but does no damage.
The kobold hits you with a +0 short sword of venom.
You are more poisoned.
The kobold brigand hits you with a +0 short sword.
You closely miss the kobold brigand.
The kobold brigand is almost dead.
You feel very sick.
You mangle the two-headed ogre!!
The two-headed ogre is moderately wounded.
You feel very sick. The kobold misses you. The kobold barely misses you.
The kobold brigand closely misses you.
You claw the two-headed ogre!
The two-headed ogre is heavily wounded.
You feel very sick.
The two-headed ogre hits you with a +0 giant club!!
* * * LOW HITPOINT WARNING * * *
The two-headed ogre closely misses you.
You mangle the two-headed ogre!!
The two-headed ogre is almost dead.
You feel very sick. The kobold barely misses you.
The kobold hits you with a +0 short sword of venom.
* * * LOW HITPOINT WARNING * * *
You are more poisoned.
The kobold brigand hits you with a +0 short sword.
* * * LOW HITPOINT WARNING * * *
You barely miss the two-headed ogre.
The two-headed ogre is almost dead.
You feel very sick. The kobold hits you but does no damage.
The two-headed ogre hits you with a +0 giant club!!
* * * LOW HITPOINT WARNING * * *
The two-headed ogre closely misses you. The kobold hits you but does no damage.
You are more poisoned.
The kobold brigand closely misses you.
You scratch the two-headed ogre.
The two-headed ogre is almost dead.
You die...

.#### .....
...... #########
#.....##.......#
#....)..)K.....#
+.......FO@....#
#........KK....#
.............###
.............#
.....#########
#.... #... #...


You could see a two-headed ogre, a kobold brigand, a bullfrog and 2 kobolds.

Vanquished Creatures
  A steam dragon (D:7)
  Duvessa (D:6)
  An ice beast (D:6)
  3 black bears
  An orc warrior (D:7)
  3 centaurs
  2 bullfrogs (D:7)
  2 gnoll sergeants (D:7)
  A necrophage (D:4)
  A scorpion (D:5)
  4 wights (D:5)
  Dowan (D:6)
  11 killer bees (D:7)
  2 jellies
  5 orc priests
  A hound (D:5)
  3 iron imps (D:7)
  5 iguanas (D:5)
  Natasha (thrice) (D:4)
  2 orc wizards
  7 gnolls
  3 adders
  A shadow imp (D:5)
  2 white imps
  2 ufetubi (D:5)
  2 dart slugs
  23 orcs
  A bat (D:1)
  6 endoplasms
  4 giant cockroaches
  4 goblins
  7 hobgoblins
  7 jackals
  A quokka (D:1)
  8 ball pythons
  3 frilled lizards
  11 kobolds
  6 rats
151 creatures vanquished.

Vanquished Creatures (others)
  A scorpion (D:5)
  An iguana (D:5)
  An ufetubus (D:5)
3 creatures vanquished.

Grand Total: 154 creatures vanquished

Notes
Turn   | Place    | Note
-------+----------+-------------------------------------------
     0 | D:1      | kevlar127 the Troll Berserker began the quest for the Orb.
     0 | D:1      | Reached XP level 1. HP: 22/22 MP: 0/0
   110 | D:1      | Reached XP level 2. HP: 22/29 MP: 1/1
   463 | D:1      | Reached XP level 3. HP: 36/37 MP: 2/2
   851 | D:2      | Reached ** piety under Trog
  1037 | D:2      | You fall into a shaft and drop 1 floor!
  1075 | D:3      | Reached skill level 4 in Unarmed Combat
  1146 | D:3      | Found a glowing golden altar of the Shining One.
  1146 | D:3      | Found an opulent altar of Gozag.
  1174 | D:3      | Reached XP level 4. HP: 39/45 MP: 3/3
  1231 | D:3      | Found a faded altar of an unknown god.
  1473 | D:3      | Found an iron altar of Okawaru.
  1853 | D:2      | Found an ornate altar of the Wu Jian Council.
  1940 | D:4      | Noticed a black bear
  1950 | D:4      | Killed a black bear
  1951 | D:4      | Reached skill level 1 in Throwing
  1951 | D:4      | Reached XP level 5. HP: 46/54 MP: 4/4
  2055 | D:4      | Found Bufiotik's Magic Scroll Shoppe.
  2057 | D:4      | Noticed Natasha
  2067 | D:4      | Killed Natasha
  2071 | D:4      | Noticed Natasha
  2083 | D:4      | Killed Natasha
  2312 | D:4      | Reached XP level 6. HP: 42/62 MP: 5/5
  2568 | D:4      | Reached skill level 5 in Unarmed Combat
  2638 | D:4      | Reached *** piety under Trog
  2691 | D:4      | Noticed Natasha
  2702 | D:4      | Killed Natasha
  2885 | D:5      | Entered Level 5 of the Dungeon
  2993 | D:5      | Found a shimmering altar of Xom.
  3020 | D:5      | Reached XP level 7. HP: 48/71 MP: 6/6
  3116 | D:5      | Found a shadowy altar of Dithmenos.
  3272 | D:5      | Reached skill level 6 in Unarmed Combat
  3276 | D:5      | Reached skill level 5 in Fighting
  3490 | D:6      | Noticed Duvessa
  3490 | D:6      | Noticed Dowan
  3498 | D:6      | Killed Dowan
  3499 | D:6      | Reached XP level 8. HP: 63/80 MP: 7/7
  3505 | D:6      | Killed Duvessa
  3800 | D:6      | Reached skill level 1 in Armour
  4012 | D:6      | Found a staircase to the Ecumenical Temple.
  4089 | D:6      | Found a bloodstained altar of Trog.
  4514 | D:7      | Reached skill level 7 in Unarmed Combat
  4755 | D:4      | Bought a scroll of poison for 56 gold pieces
  4755 | D:4      | Bought a scroll of noise for 14 gold pieces
  4755 | D:4      | Bought a scroll of fear for 56 gold pieces
  4755 | D:4      | Bought a scroll of fog for 56 gold pieces
  4755 | D:4      | Bought a scroll of identify for 28 gold pieces
  4966 | D:7      | Reached skill level 5 in Throwing
  4990 | D:7      | Reached XP level 9. HP: 86/89 MP: 8/8
  5777 | D:7      | Reached **** piety under Trog
  5896 | D:7      | Found a burning altar of Makhleb.
  6771 | D:8      | Noticed a two-headed ogre
  6784 | D:8      | HP: 1/138 [two-headed ogre/+0 giant club (22)]
  6785 | D:8      | Succumbed to a kobold's poison

Illustrated notes

Levels and vault maps discovered:
D:1:      erik_arrival_orb_chamber, layout_loops_corners,
          hangedman_abyss_or_decor_lesser_grid, dk_noncrumbling_4
D:2:      layout_basic, basic_altar
D:3:      layout_rooms, kennysheep_okawaru_gauntlet,
          gammafunk_temple_overflow_wave, hellmonk_ecumenical_altar_blasted
D:4:      layout_cave_pods, serial_park, serial_park_avenue1, serial_park_gazebo
          [serial_park_minivault_5x5_2], serial_park_tiny_2, serial_shops, shop,
          uniq_natasha
D:5:      layout_basic, xom_confusion_cloud, grunt_dithmenos_smoke_and_mirrors,
          glass_columns_b
D:6:      layout_cave_pools, kennysheep_mini, minmay_temple_entry_junction_2,
          uniq_duvessa
D:7:      layout_basic, demons_altar
D:8:      layout_basic, fungi_pond_lemuel, corexii_checkpoint_b, uniq_erica

Skill      XL: |  1  2  3  4  5  6  7  8  9 |
---------------+----------------------------+-----
Fighting       | 3 4 5 6 |  6.6
Unarmed Combat | 4 5 6 7 |  7.9
Throwing       | 1 2 3 5 |  5.8
Dodging        | 3 |  3.0
Armour         | 2 3 |  3.0

Action                   |  1- 3 |  4- 6 |  7- 9 || total
-------------------------+-------+-------+-------++-------
Melee: Unarmed           |    82 |   119 |   228 ||   429
       Punch             |     1 |     3 |     8 ||    12
Throw: Stone             |       |    15 |       ||    15
       Boomerang         |       |       |    58 ||    58
Invok: Trog's Hand       |       |     1 |     2 ||     3
       Berserk           |       |       |     2 ||     2
  Use: Scroll            |       |       |     1 ||     1
Armor: Animal skin       |    22 |    30 |    48 ||   100
       Skin              |       |     3 |       ||     3
       Steam dragon scal |       |       |    46 ||    46
Dodge: Dodged            |    42 |    60 |   123 ||   225
Block: Other             |     8 |    18 |    60 ||    86
       Reflection        |       |     1 |     2 ||     3

Table legend: (Time is in decaauts)
 A = Elapsed time spent in this place.
 B = Non-inter-level travel time spent in this place.
 C = Inter-level travel time spent in this place.
 D = Time resting spent in this place.
 E = Time spent auto-exploring this place.
 F = Levels seen in this place.
 G = Mean time per level.
                   A        B        C        D        E       F      G
               +--------+--------+--------+--------+--------+-----+--------+
         Total |   6764 |   6326 |    438 |   1670 |   3712 |   8 |  845.5 |
       Dungeon |   6764 |   6326 |    438 |   1670 |   3712 |   8 |  845.5 |
               +--------+--------+--------+--------+--------+-----+--------+

Top non-repeatable levels by time:
     D:7: 2315 daAuts
     D:4: 1022 daAuts
     D:5: 895 daAuts
     D:1: 839 daAuts
     D:2: 588 daAuts
     D:6: 580 daAuts
     D:3: 488 daAuts
     D:8: 32 daAuts
